 Dungeon Crawl Stone Soup version 0.28.0-45-g0d030f2227 (webtiles) character file.

Game seed: 14630573116034439477

13 McKennaii the Conjurer (level 2, 19/19 HPs)
             Began as a Demonspawn Conjurer on Apr 14, 2022.
             Quit the game on level 1 of the Dungeon.
             The game lasted 00:00:17 (535 turns).

McKennaii the Conjurer (Demonspawn Conjurer)         Turns: 535, Time: 00:00:18

Health: 19/19      AC:  2    Str:  7    XL:     2   Next: 24%
Magic:  5/5        EV: 12    Int: 19    God:
Gold:   0          SH:  0    Dex: 11    Spells: 4/5 levels left

rFire   . . .      SeeInvis .   (no weapon)
rCold   . . .      Faith    .   (no shield)
rNeg    . . .      Spirit   .   a - +0 robe
rPois   .          Reflect  .   (no helmet)
rElec   .          Harm     .   (no cloak)
rCorr   .          Rampage  .   (no gloves)
Will    .....                   (no boots)
Stlth   ++........              (no amulet)
HPRegen 0.06/turn               (no ring)
MPRegen 0.09/turn               (no ring)

@: no status effects
A: powered by pain 1
a: no special abilities


You were on level 1 of the Dungeon.
You visited 1 branch of the dungeon, and saw 1 of its levels.

Inventory:

Armour
 a - a +0 robe (worn)
 c - a +0 pair of gloves
Scrolls
 b - a scroll of fog {unknown}


   Skills:
 - Level 1.7 Dodging
 - Level 1.7 Stealth
 + Level 2.4 Spellcasting
 + Level 4.3 Conjurations


You had 4 spell levels left.
You knew the following spells:

 Your Spells              Type           Power      Damage    Failure   Level
a - Magic Dart            Conj           72%        1d6       2%          1

Your spell library contained the following spells:

 Spells                   Type           Power      Damage    Failure   Level
 Searing Ray              Conj           36%        2d5       4%          2
 Dazzling Flash           Conj/Hex       20%        N/A       21%         3
 Fulminant Prism          Conj/Hex       5%         3d7       54%         4
 Iskenderun's Mystic Bla  Conj/Tloc      10%        2d4       54%         4


Dungeon Overview and Level Annotations

Branches:
Dungeon (1/15)

Altars:


Innate Abilities, Weirdness & Mutations

You sometimes gain a little power by taking damage.


Message History

You kill the rat!
You see here a rat corpse.
You see here 19 stones.
A ball python comes into view.
The magic dart hits the ball python.
You kill the ball python!
You see here 18 stones.
A rat comes into view.
The magic dart hits the rat.
You kill the rat!
Found 13 sling bullets.
You can't see any susceptible monsters within range! (Use Z to cast anyway.)
Found a pair of gloves.
You can't see any susceptible monsters within range! (Use Z to cast anyway.)
You see here 13 sling bullets.
Found a stone staircase leading down.
You can't see any susceptible monsters within range! (Use Z to cast anyway.)
There is a stone staircase leading down here.
b - a scroll labelled KYFUUR LONNAKE You can't see any susceptible monsters within range! (Use Z to cast anyway.)
A rat comes into view.
The magic dart hits the rat.
You kill the rat!
A rat comes into view.
The magic dart hits the rat.
You kill the rat!
A bat comes into view.
The magic dart hits the bat but does no damage.
A bat is nearby!
The magic dart hits the bat.
The bat is heavily wounded.
The magic dart hits the bat.
You kill the bat!
You can't see any susceptible monsters within range! (Use Z to cast anyway.)
You can't see any susceptible monsters within range! (Use Z to cast anyway.) Search for what [? for help]? glove You see here a +0 pair of gloves.
c - a +0 pair of gloves
There are no items here.
Are you sure you want to abandon this character and quit the game? (Confirm with "yes".)

####
##.....###.........##.##.
##....# ###...#....#+#..
#.....# ##...........#
####.#####
####......>..### #....#
#............# # #.####
#.##.........### ######.#
########.#########....#
#......# #........#
#.....
#......###.....@..#
###..#
#.............(...# ##.#
#.....####........# ...
####### ########## #...
#... #... #...


There were no monsters in sight!

Vanquished Creatures
  2 bats (D:1)
  An endoplasm (D:1)
  A giant cockroach (D:1)
  A quokka (D:1)
  2 ball pythons (D:1)
  A kobold (D:1)
  6 rats (D:1)
14 creatures vanquished.

Notes
Turn   | Place    | Note
-------+----------+-------------------------------------------
     0 | D:1      | McKennaii the Demonspawn Conjurer began the quest for the
                  | Orb.
     0 | D:1      | Reached XP level 1. HP: 13/13 MP: 3/3
   254 | D:1      | Gained mutation: You sometimes gain a little power by
                  | taking damage. [demonic ancestry]
   254 | D:1      | Reached XP level 2. HP: 19/19 MP: 1/5
   535 | D:1      | Quit the game

Illustrated notes

Levels and vault maps discovered:
D:1:      evilmike_arrival_plus, layout_rooms, chequers_ecumenical_altar_lobes

Action                   || total
-------------------------++-------
Melee: Unarmed           ||     3
 Cast: Magic Dart        ||    23
Dodge: Dodged            ||     3
